 Dungeon Crawl Stone Soup version 0.27.0-1-g7a089689b8 (webtiles) character file.

Game seed: 1101425440913525061

62 Thatpatchoflichen the Skirmisher (level 4, -2/41 HPs)
             Began as a Ghoul Monk on Aug 18, 2021.
             Slain by an orc wizard (3 damage)
             ... on level 3 of the Dungeon.
             The game lasted 00:03:29 (2421 turns).

Thatpatchoflichen the Skirmisher (Ghoul Monk)       Turns: 2421, Time: 00:03:30

Health: -2/41      AC:  5    Str: 14    XL:     4   Next: 8%
Magic:  3/3        EV: 11    Int:  5    God:
Gold:   178        SH:  0    Dex: 12    Spells: 3/3 levels left

rFire    . . .     SeeInvis .   l - +2 dagger (drain)
rCold    + . .     Faith    .   (no shield)
rNeg     + + +     Spirit   .   g - +0 ring mail
rPois    ∞         Reflect  .   (no helmet)
rElec    .         Harm     .   (no cloak)
rCorr    .         Rampage  .   (no gloves)
Will     .....                  (no boots)
Stlth    +.........             (no amulet)
HPRegen  0.00/turn              (no ring)
MPRegen  0.08/turn              (no ring)

@: inhibited regen
A: claws 1, cold resistance 1, negative energy resistance 3, inhibited
regeneration, torment resistance 2
a: no special abilities


You were on level 3 of the Dungeon.
You visited 1 branch of the dungeon, and saw 3 of its levels.

You collected 178 gold pieces.

Inventory:

Hand Weapons
 l - a +2 dagger of draining (weapon)
Armour
 a - a +0 robe
 c - a +0 tower shield
 d - a +0 leather armour
 g - a +0 ring mail (worn)
Magical Staves
 j - a staff of fire
Jewellery
 h - a +4 ring of evasion
Scrolls
 k - a scroll of identify {unknown}
Potions
 b - a potion of degeneration {unknown}
 e - a potion of curing {unknown}
 f - a potion of invisibility {unknown}
 i - a potion of berserk rage {unknown}


   Skills:
 + Level 4.8 Fighting
 + Level 3.2 Dodging
 - Level 2.1 Stealth
 - Level 3.2 Unarmed Combat


You had 3 spell levels left.
You didn't know any spells.
Your spell library contained the following spells:

 Spells                   Type           Power      Damage    Failure   Level
 Leda's Liquefaction      Hex/Erth       0%         N/A       100%        4
 Bolt of Magma            Conj/Fire/Erth 0%         4d4       100%        5
 Statue Form              Tmut/Erth      Unusable   N/A       N/A         6

Dungeon Overview and Level Annotations

Branches:
Dungeon (3/15)

Altars:
Qazlal


Innate Abilities, Weirdness & Mutations

You thrive by killing the living.
You are immune to poison.
You have sharp fingernails.
Your flesh is cold resistant. (rC+)
You are immune to negative energy. (rN+++)
You do not regenerate when monsters are visible.
You are immune to unholy pain and torment.


Message History

The orc shouts!
You hit the orc wizard but do no damage.
You hear a shout!
The orc barely misses you.
The orc wizard hits you with a +0 dagger.
* * * LOW HITPOINT WARNING * * *
You closely miss the orc wizard. The orc barely misses you.
The orc wizard hits you but does no damage.
You closely miss the orc wizard. The orc hits you with a +0 whip.
* * * LOW HITPOINT WARNING * * *
You hit the orc.
The orc is severely wounded.
The orc closely misses you.
You hit the orc.
You kill the orc!
The orc barely misses you.
The orc wizard points at you and mumbles some strange words.
The puff of flame hits you.
* * * LOW HITPOINT WARNING * * *
You hit the orc.
The orc is moderately wounded.
The orc hits you with a +0 whip.
* * * LOW HITPOINT WARNING * * *
An orc comes into view. It is wielding a +0 short sword.
The orc wizard hits you but does no damage.
The orc hits you but does no damage.
The orc wizard hits you with a +0 dagger.
* * * LOW HITPOINT WARNING * * *
Found a stone staircase leading down.
Things that are here:
a +0 flail; an orc corpse You hit the orc wizard.
You drain the orc wizard.
The orc wizard is moderately wounded.
The orc hits you but does no damage.
The orc wizard hits you but does no damage.
You hit the orc wizard. You drain the orc wizard.
The orc wizard is almost dead.
The orc hits you but does no damage. The orc closely misses you.
The orc wizard hits you with a +0 dagger.
You die...

#... #. #....#. ####
#..#.#. ...
#....#.######.######
............o...>...
..........o@#
#.#.....†o.#
#.#..$.....#
#.#........#
#..........#
##..)......#
#.........#
#######'###+##.#
#........##.##.#


You could see an orc wizard (drained) and 2 orcs.

Vanquished Creatures
  3 worms
  3 dart slugs
  An orc (D:3)
  4 endoplasms
  3 giant cockroaches
  6 goblins
  6 hobgoblins
  2 kobolds
  2 quokkas
  4 ball pythons (D:1)
  A bat (D:2)
  3 frilled lizards
  4 rats
42 creatures vanquished.

Notes
Turn   | Place    | Note
-------+----------+-------------------------------------------
     0 | D:1      | Thatpatchoflichen the Ghoul Monk began the quest for the
                  | Orb.
     0 | D:1      | Reached XP level 1. HP: 19/19 MP: 0/0
   406 | D:1      | Reached XP level 2. HP: 27/27 MP: 1/1
   468 | D:1      | Reached skill level 4 in Fighting
  1206 | D:1      | Reached XP level 3. HP: 29/34 MP: 2/2
  2225 | D:3      | Found a stormy altar of Qazlal.
  2404 | D:3      | Reached XP level 4. HP: 32/41 MP: 3/3
  2418 | D:3      | HP: 2/41 [orc (2)]
  2421 | D:3      | Slain by an orc wizard

Illustrated notes

Levels and vault maps discovered:
D:1:      lightli_arrival_lavapool, layout_loops_cross
D:2:      layout_loops_ring, amcnicky_mini_corridor_feature
D:3:      layout_basic, nicolae_qazlal_general_emergency

Skill      XL: |  1  2  3 |
---------------+----------+-----
Fighting       | 4 |  4.8
Dodging        | 3 |  3.2
Stealth        | |  2.1
Unarmed Combat | |  3.2

Action                   |  1- 3 |  4- 6 || total
-------------------------+-------+-------++-------
Melee: Unarmed           |    86 |       ||    86
       Dagger            |    23 |     8 ||    31
 Stab: Sleeping          |     4 |       ||     4
Armor: Robe              |     2 |       ||     2
       Ring mail         |    23 |     7 ||    30
       Leather armour    |     3 |       ||     3
Dodge: Dodged            |    61 |     6 ||    67
